 Dungeon Crawl Stone Soup version 0.22-a0-456-g11ed031 (webtiles) character file.

246 galech the Skirmisher (level 6, -3/99 HPs)
             Began as an Ogre Berserker on June 6, 2018.
             Was a Believer of Trog.
             Slain by an orc
             ... wielding a +0 flail
              (5 damage)
             ... on level 3 of the Dungeon.
             The game lasted 00:03:22 (3364 turns).

galech the Skirmisher (Ogre Berserker)              Turns: 3364, Time: 00:03:23

Health: -3/99      AC:  3    Str: 29    XL:     6   Next: 11%
Magic:  6/6        EV: 10    Int:  8    God:    Trog [**....]
Gold:   224        SH:  0    Dex:  8    Spells: 5/5 levels left

rFire    . . .     SeeInvis .   a - +0 mace
rCold    . . .     Gourm    .   (no shield)
rNeg     . . .     Faith    .   b - +0 animal skin
rPois    .         Spirit   .   (helmet restricted)
rElec    .         Reflect  .   (no cloak)
rCorr    .         Harm     .   (gloves unavailable)
MR       ++...                  (boots unavailable)
Stlth    ..........             (no amulet)
HPRegen  1.26/turn              (no ring)
MPRegen  0.10/turn              (no ring)

@: berserking (expiring), lethally poisoned (-3 -> -3), regenerating, very quick
A: large, unfitting armour, tough skin 1
a: Berserk, Trog's Hand, Renounce Religion


You were on level 3 of the Dungeon.
You worshipped Trog.
Trog was pleased with you.
You were very hungry.

You visited 1 branch of the dungeon, and saw 3 of its levels.

You collected 224 gold pieces.

Inventory:

Hand Weapons
 a - a +0 mace (weapon)
Armour
 b - a +0 animal skin (worn)
Jewellery
 q - an uncursed ring of protection from cold {unknown}
Scrolls
 h - 2 scrolls of remove curse {unknown}
 i - 2 scrolls of teleportation {unknown}
 j - 3 scrolls of identify {unknown}
 k - a scroll of magic mapping {unknown}
 o - a scroll of noise {unknown}
 p - a scroll of amnesia {unknown}
 r - a scroll of blinking {unknown}
 t - a scroll of fog {unknown}
Potions
 e - a potion of cancellation {unknown}
 f - 2 potions of agility {unknown}
 g - a potion of heal wounds {unknown}
 l - 2 potions of degeneration {unknown}
 m - 3 potions of curing {unknown}
 n - a potion of lignification {unknown}
 s - 3 potions of haste {unknown}
Comestibles
 c - 5 rations
 d - 3 chunks of flesh


   Skills:
 + Level 5.6 Fighting
 + Level 4.6 Maces & Flails
 + Level 3.6 Dodging
 + Level 0.8 Stealth


You had 5 spell levels left.
You didn't know any spells.
Your spell library was empty.

Dungeon Overview and Level Annotations

Branches:
Dungeon (3/15)

Altars:
Gozag


Innate Abilities, Weirdness & Mutations

You are too large for most types of armour.
You have tough skin. (AC +1)


Message History

* * * LOW HITPOINT WARNING * * *
The orc wizard closely misses you. The orc hits you with a flail.
* * * LOW HITPOINT WARNING * * *
You thump the orc wizard!
You kill the orc wizard!
Trog accepts your kill.
Trog appreciates your killing of a magic user.
You have reached level 6!
Your experience leads to an increase in your attributes!
Your base attributes are Str 22, Int 8, Dex 8.
Increase (S)trength, (I)ntelligence, or (D)exterity?
You feel stronger. x2
Something hits you but does no damage. The orc hits you with a flail.
* * * LOW HITPOINT WARNING * * *
You barely miss something. The orc barely misses you. Something hits you.
* * * LOW HITPOINT WARNING * * *
You hit something. The orc hits you with a flail.
* * * LOW HITPOINT WARNING * * *
The orc hits you with a flail.
You die...

########### #..........
#.)........ ######
##.......... #....#
#..)o{...... ######.##.#
#..o@)...... ....##.##.#
#...######## .##..(..#.#
#...# .#<.#.###.###...###
)#....###.#.......#
.....##...#.......#
#######.###.......##########
..#.......).).....'........#
..#.....###.......####.#.#.#


You could see 2 orcs.

Vanquished Creatures
  Jessica (D:3)
  2 orc wizards (D:3)
  3 gnolls (D:2)
  6 adders
  A worm (D:2)
  3 dart slugs
  2 leopard geckos
  8 orcs (D:3)
  7 bats
  3 giant cockroaches
  4 goblins
  5 hobgoblins
  3 jackals (D:2)
  3 frilled lizards (D:1)
  8 kobolds
  A quokka skeleton (D:3)
  14 rats
74 creatures vanquished.

Notes
Turn   | Place    | Note
-------+----------+-------------------------------------------
     0 | D:1      | galech the Ogre Berserker began the quest for the Orb.
     0 | D:1      | Reached XP level 1. HP: 24/24 MP: 1/1
     2 | D:1      | Noticed a minotaur
     4 | D:1      | Noticed a demonspawn
     4 | D:1      | Noticed a vine stalker
     6 | D:1      | Noticed a draconian
     6 | D:1      | Noticed a spriggan
     8 | D:1      | Noticed a felid
     8 | D:1      | Noticed a dwarf
    10 | D:1      | Noticed a merfolk
    12 | D:1      | Noticed a tengu
    12 | D:1      | Noticed a centaur
    14 | D:1      | Noticed a human
    14 | D:1      | Noticed a gargoyle
    16 | D:1      | Noticed a naga
    16 | D:1      | Noticed a troll
    18 | D:1      | Noticed an ogre
    18 | D:1      | Noticed a formicid
    20 | D:1      | Noticed a ghoul
    20 | D:1      | Noticed a halfling
    22 | D:1      | Noticed an octopode
    24 | D:1      | Noticed an elf
    24 | D:1      | Noticed a vampire
    26 | D:1      | Noticed a demigod
    68 | D:1      | Reached XP level 2. HP: 22/32 MP: 2/2
   400 | D:1      | Reached ** piety under Trog
   475 | D:1      | Reached XP level 3. HP: 34/40 MP: 3/3
  1217 | D:2      | Reached XP level 4. HP: 49/49 MP: 4/4
  1529 | D:2      | Reached skill level 5 in Fighting
  2413 | D:3      | Reached XP level 5. HP: 29/57 MP: 5/5
  2816 | D:3      | Noticed Jessica
  2832 | D:3      | Killed Jessica
  2891 | D:3      | Found an opulent altar of Gozag.
  3362 | D:3      | Reached XP level 6. HP: 14/66 MP: 6/6
  3364 | D:3      | HP: 2/99 [orc/flail (6)]
  3364 | D:3      | Slain by an orc

Vault maps used:
D:1:      kb_arrival_jail
D:3:      marbit_many_paths, first_ration, uniq_jessica

Skill      XL: |  1  2  3  4  5 |
---------------+----------------+-----
Maces & Flails | 3 4 |  4.6
Dodging        | 3 |  3.6
Fighting       | 5 |  5.6
Stealth        | |  0.8

Action                   |  1- 3 |  4- 6 || total
-------------------------+-------+-------++-------
Melee: Mace              |    92 |   138 ||   230
Invok: Berserk           |       |     4 ||     4
       Trog's Hand       |       |     2 ||     2
 Stab: Sleeping          |       |     1 ||     1
  Eat: Chunk             |     1 |    10 ||    11
Armor: Animal skin       |    22 |    22 ||    44
Dodge: Dodged            |    46 |    94 ||   140

Table legend:
 A = Spawn XP
 B = Non-spawn XP
 C = Spawn XP percentage of total XP
 D = Spawn monster count
 E = Non-spawn monster count
 F = Spawn count percentage of total count
 G = Total turns spent on level
                    A         B        C        D         E        F      G
               +---------+---------+-------+---------+---------+-------+---------
         Total |       0 |     352 |   0.0 |       0 |      74 |   0.0 |  3364
               +---------+---------+-------+---------+---------+-------+---------
           D:1 |       0 |      42 |   0.0 |       0 |      27 |   0.0 |   771
           D:2 |       0 |     100 |   0.0 |       0 |      20 |   0.0 |  1548
           D:3 |       0 |     210 |   0.0 |       0 |      27 |   0.0 |  1045
               +---------+---------+-------+---------+---------+-------+---------
